 Dungeon Crawl Stone Soup version 0.18-a0-1361-g9293dd1 (webtiles) character file.

46 Oracle the Skirmisher (level 3, -15/29 HPs)
             Began as a Mummy Chaos Knight on Feb 20, 2016.
             Demolished by an orc warrior
             ... wielding a +0 scimitar
              (23 damage)
             ... on level 1 of the Dungeon.
             The game lasted 00:04:53 (4080 turns).

Oracle the Skirmisher (Mummy Chaos Knight)          Turns: 4080, Time: 00:04:53

Health: -15/29     AC:  7    Str: 16    XL:     3   Next: 46%
Magic:  3/3        EV: 11    Int: 11    God:    Xom [....*.]
Gold:   42         SH:  0    Dex: 11    Spells: 0 memorised, 2 levels left

rFire  . . .     SeeInvis .     k - +5 quarterstaff (chaos)
rCold  . . .     Gourm    .     b - +2 leather armour
rNeg   + + +     Faith    +     (shield currently unavailable)
rPois  ∞         Spirit   .     (no helmet)
rElec  .         Dismiss  .     (no cloak)
rCorr  .         Reflect  .     l - +1 pair of gloves {archery}
SustAt .         Harm     .     (no boots)
MR     .....                    h - amulet of faith
Stlth  +.........               (no ring)
                                d - ring of fire

@: not resistant to hostile enchantments, very unstealthy
A: no food or potions, fire vulnerability, cold resistance 1, negative energy
resistance 3, torment resistance, unbreathing
a: Renounce Religion


You were on level 1 of the Dungeon.
You worshipped Xom.
You were a beloved toy of Xom.
You were not hungry.

You visited 1 branch of the dungeon, and saw 2 of its levels.

You collected 42 gold pieces.

Inventory:

Hand Weapons
 a - a +0 falchion of chaos
 j - a +2 short sword of draining
 k - a +5 quarterstaff of chaos (weapon)
Armour
 b - a +2 leather armour (worn)
 l - a +1 pair of gloves of archery (worn)
Jewellery
 d - a ring of fire (left hand)
 h - an amulet of faith (around neck)
Scrolls
 g - a scroll of random uselessness
Miscellaneous
 i - a disc of storms


   Skills:
 + Level 3.5 Fighting
 * Level 0.1(1.8) Short Blades
 - Level 3.0 Long Blades
 + Level 0.1 Staves
 + Level 1.7 Armour
 + Level 1.1 Dodging
 + Level 0.1 Stealth


You had 2 spell levels left.
You didn't know any spells.

Dungeon Overview and Level Annotations

Branches:
Dungeon (2/15)

Altars:


Innate Abilities, Weirdness & Mutations

You do not eat or drink.
Your flesh is vulnerable to fire.
You are immune to poison.
Your flesh is cold resistant.
You are immune to negative energy.
You are immune to unholy pain and torment.
You can survive without breathing.


Message History

Unknown command.
You hit the orc warrior but do no damage.
There is a strange surge of energy around the orc warrior.
The orc warrior hits you with a scimitar!
* * * LOW HITPOINT WARNING * * *
Unknown command.
Read which item? (? for menu, Esc to quit)
As you read the scroll labeled HIKLUX FAKHLINN, it crumbles to dust.
It is a scroll of recharging.
You aren't carrying any rechargeable items.
The orc warrior hits you but does no damage.
Read which item? (? for menu, Esc to quit)
As you read the scroll labeled GIYBRI MOAGYL, it crumbles to dust.
It is a scroll of identify.
Identify which item? (\ to view known items) (? for menu, Esc to quit)
g - a scroll of random uselessness The orc warrior hits you with a scimitar!!
Ouch! That really hurt!
You die...
Xom giggles madly!

#######..♣♣ ♣♣≈≈≈≈♣♣ ########.♣♣♣
♣♣♣≈≈≈♣♣♣
##########..♣♣♣♣♣♣≈≈≈..♣♣♣
############oo...♣♣♣♣♣♣...♣♣♣
################.....♣♣ ♣♣♣.!.♣
#########.(...#.......♣♣ ♣♣♣♣.
#########..............♣♣ ♣♣
#########.....o.........♣ ♣
#########...>)@.)......♣♣♣
###...###...(...[........♣♣♣♣
##.....##......(............♣♣♣
#.............................♣
###.......#.).)......)...........
.........)#......................
.................................
#............................####
...........................÷.#


You could see an orc warrior, an orc priest and an orc.

Vanquished Creatures
  A giant gecko (D:1)
  5 orcs
  A giant cockroach (D:1)
  5 hobgoblins (D:1)
  2 jackals (D:1)
  3 kobolds (D:1)
  8 bats (D:1)
  A giant newt (D:1)
  7 goblins (D:1)
  3 rats (D:1)
36 creatures vanquished.

Notes
Turn   | Place    | Note
--------------------------------------------------------------
     0 | D:1      | Oracle the Mummy Chaos Knight began the quest for the Orb.
     0 | D:1      | Reached XP level 1. HP: 18/18 MP: 1/1
    78 | D:1      | Reached XP level 2. HP: 5/24 MP: 2/2
    78 | D:1      | XOM: divination: magic mapping
   113 | D:1      | XOM: potion effect (haste)
   310 | D:1      | XOM: vitrification
   419 | D:1      | XOM: 3-stop teleportation journey
   483 | D:1      | XOM: silly message
  1041 | D:1      | XOM: vitrification
  1816 | D:1      | XOM: god gift: disc of storms
  2751 | D:1      | XOM: god gift: tiny cabochon amulet {god gift}
  2801 | D:1      | XOM: god gift: glowing quarterstaff {god gift}
  2877 | D:1      | XOM: god gift: pair of glowing gloves {god gift}
  3024 | D:1      | XOM: harmless Necr miscast
  3027 | D:1      | XOM: harmless Ice miscast
  3085 | D:1      | Reached XP level 3. HP: 29/29 MP: 3/3
  3496 | D:1      | XOM: god gift: 6 meat rations
  3511 | D:1      | XOM: 3-stop teleportation journey
  3824 | D:1      | Reached skill level 1 in Dodging
  3968 | D:1      | XOM: 2-stop teleportation journey
  4069 | D:1      | Noticed an orc warrior
  4080 | D:1      | Demolished by an orc warrior

Vault maps used:
D:1:      kilobyte_arrival_exit_the_forest
D:2:      johnstein_pakellas_shop

Action                   || total
-------------------------++-------
Melee: Falchion          ||    62
       Short sword       ||     8
       Quarterstaff      ||    25
Evoke: Disc of storms    ||    13
  Use: Scroll            ||     3
